 Dungeon Crawl Stone Soup version 0.30-a0-373-gd37427bb62 (webtiles) character file.

Game seed: 6241260658286341157

197264 Lobster4 the Marksminotaur (level 17, -13/146 HPs)
             Began as a Minotaur Hunter on Nov 23, 2022.
             Was the Champion of Hepliaklqana.
             Mangled by a vault warden
             ... wielding a +0 long sword
              (22 damage)
             ... on level 1 of the Vaults.
             The game lasted 01:59:21 (28853 turns).

Lobster4 the Marksminotaur (Minotaur Hunter)       Turns: 28853, Time: 01:59:22

Health: -13/146    AC: 10    Str: 17    XL:     17   Next: 77%
Magic:  22/22      EV: 27    Int: 10    God:    Hepliaklqana [******]
Gold:   1673       SH:  0    Dex: 30    Spells: 14/20 levels left

rFire   + . .      SeeInvis +    a - +4 arbalest of the Known World {freeze, SInv}
rCold   . . .      Faith    .    (shield currently unavailable)
rNeg    + . .      Spirit   .    X - +0 robe of Zin's Hope {rPois rN+ Int+4}
rPois   +          Reflect  .    (helmet restricted)
rElec   +          Harm     .    t - -1 cloak "Hatewn" {rElec Slay-6 SInv}
rCorr   .          Rampage  .    s - +2 pair of gloves {Dex+3}
Will    +....                    c - +1 pair of boots
Stlth   +++.......               w - amulet of regeneration
HPRegen 1.24/turn                W - ring "Tasa" {rF+ EV+4}
MPRegen 0.18/turn                j - +6 ring of dexterity

@: about to teleport, studying Unarmed Combat
A: reduced essence, horns 2, retaliatory headbutt
}: 1/15 runes: serpentine
a: Renounce Religion, Recall Ancestor, Ancestor Identity, Transference, Idealise


You were on level 1 of the Vaults.
You worshipped Hepliaklqana.
Hepliaklqana was exalted by your worship.
You visited 6 branches of the dungeon, and saw 28 of its levels.
You also visited: Sewer, Bailey and Gauntlet.

You collected 2794 gold pieces.
You spent 1121 gold pieces at shops.

Inventory:

Hand Weapons
 a - the +4 arbalest of the Known World (weapon) {freeze, SInv}
   (You bought it in a shop on level 3 of the Dungeon)

   Any ammunition fired from it freezes those it strikes, dealing additional
   cold damage.
   It can also slow down cold-blooded creatures.
   SInv:      It lets you see invisible.
 F - a +3 scimitar of electrocution
 L - a +0 vorpal shortbow
 N - a +2 great sword of holy wrath
 P - a +2 shortbow of freezing
 S - the +6 quarterstaff of Efrib {vorpal, rElec}
   (You found it on level 2 of the Lair of Beasts)

   It inflicts extra damage upon your enemies.
   rElec:     It insulates you from electricity.
Armour
 c - a +1 pair of boots (worn)
 d - the +1 kite shield of Gukapsise {rN+ Str+2}
   (You found it on level 1 of the Snake Pit)

   Str:       It affects your strength (+2).
   rN:        It protects you from negative energy.
 s - a +2 pair of gloves of dexterity (worn)
 t - the -1 cloak "Hatewn" (worn) {rElec Slay-6 SInv}
   (You found it in a Gauntlet)

   Slay:      It affects your accuracy & damage with ranged weapons and melee
   (-6).
   rElec:     It insulates you from electricity.
   SInv:      It lets you see invisible.
 x - the +3 pair of gloves of Wrong Decisions {rF+}
   (You bought it in a shop on level 14 of the Dungeon)

   rF:        It protects you from fire.
 y - a +1 cloak
 z - a +1 scale mail of fire resistance
 U - a +1 ring mail of cold resistance
 X - the +0 robe of Zin's Hope (worn) {rPois rN+ Int+4}
   (You found it on level 11 of the Dungeon)

   Int:       It affects your intelligence (+4).
   rPois:     It protects you from poison.
   rN:        It protects you from negative energy.
Jewellery
 j - a +6 ring of dexterity (right hand)
 r - a ring of protection from cold
 w - an amulet of regeneration (around neck)
 C - a ring of resist corrosion
 V - a ring of flight
 W - the ring "Tasa" (left hand) {rF+ EV+4}
   (You acquired it on level 11 of the Dungeon)

   [ring of evasion]

   EV:        It affects your evasion (+4).
   rF:        It protects you from fire.
Wands
 n - a wand of light (3)
 I - a wand of digging (14)
 J - a wand of flame (73)
 M - a wand of roots (23)
 T - a wand of charming (20)
 Z - a wand of mindburst (9)
Scrolls
 f - a scroll of butterflies
 g - a scroll of immolation
 l - 15 scrolls of enchant weapon
 Q - 5 scrolls of brand weapon
 R - 3 scrolls of magic mapping
 Y - a scroll of enchant armour
Potions
 h - 9 potions of curing
 m - 8 potions of cancellation
 o - 9 potions of brilliance
 p - 2 potions of haste
 q - 11 potions of flight
 B - 5 potions of berserk rage
 D - 4 potions of magic
 E - 2 potions of resistance
 G - 4 potions of lignification
 H - a potion of ambrosia
 K - a potion of invisibility
 O - 4 potions of might
Miscellaneous
 b - a lightning rod (4/4)


   Skills:
 + Level 17.9 Fighting
 - Level 1.0(4.0) Short Blades
 - Level 6.9(7.0) Long Blades
 - Level 0.6(1.9) Maces & Flails
 - Level 2.9(3.0) Staves
 + Level 20.7 Ranged Weapons
 - Level 1.0 Throwing
 - Level 15.0 Armour
 - Level 10.0 Dodging
 - Level 1.0 Stealth
 + Level 6.5 Shields
 - Level 2.0 Spellcasting
 + Level 5.5 Hexes
 - Level 3.0 Translocations
 + Level 5.6 Fire Magic
 - Level 1.0 Poison Magic
 - Level 8.0 Invocations
 - Level 3.0 Evocations


You had 14 spell levels left.
You knew the following spells:

 Your Spells              Type           Power      Damage    Failure   Level
a - Inner Flame           Hex/Fire       12%        N/A       10%         3
b - Teleport Other        Tloc           7%         N/A       26%         3

Your spell library contained the following spells:

 Spells                   Type           Power      Damage    Failure   Level
 Apportation              Tloc           14%        N/A       9%          1
 Blink                    Tloc           14%        N/A       14%         2
 Portal Projectile        Hex/Tloc       18%        N/A       16%         3
 Momentum Strike          Conj/Tloc      8%         3d8       26%         2
 Gell's Gravitas          Tloc           7%         N/A       26%         3
 Lesser Beckoning         Tloc           14%        N/A       26%         3
 Kindle Blastsparks       Fire/Tloc/Air  12%        2d11      28%         3
 Beastly Appendage        Tmut           2%         N/A       30%         1
 Kiss of Death            Conj/Necr      4%         2d5       30%         1
 Necrotise                Necr           4%         1d4       30%         1
 Summon Small Mammal      Summ           4%         N/A       30%         1
 Ignite Poison            Fire/Tmut/Pois 5%         N/A       36%         3
 Sublimation of Blood     Necr           1%         N/A       43%         2
 Wereblood                Tmut           1%         N/A       43%         2
 Spider Form              Tmut/Pois      2%         N/A       58%         3
 Manifold Assault         Tloc           7%         N/A       65%         4
 Call Canine Familiar     Summ           1%         N/A       67%         3
 Ozocubu's Armour         Ice            1%         N/A       67%         3
 Flame Wave               Conj/Fire      6%         2d5       69%         4
 Leda's Liquefaction      Hex/Erth       3%         N/A       69%         4
 Sticky Flame             Conj/Fire      6%         2d3       69%         4
 Iskenderun's Mystic Bla  Conj/Tloc      4%         2d3       86%         4
 Summon Mana Viper        Hex/Summ       6%         N/A       95%         5
 Petrify                  Tmut/Erth      1%         N/A       97%         4
 Summon Forest            Summ/Tloc      2%         N/A       99%         5
 Freezing Cloud           Conj/Ice/Air   0%         6-21      100%        5
 Irradiate                Conj/Tmut      0%         3d11      100%        5
 Eringya's Noxious Bog    Tmut/Pois      1%         N/A       100%        6
 Simulacrum               Ice/Necr       0%         N/A       100%        6
 Summon Cactus Giant      Summ           0%         N/A       100%        6
 Ozocubu's Refrigeration  Ice            0%         4d7       100%        7
 Storm Form               Tmut/Air       0%         N/A       100%        7
 Summon Hydra             Summ           0%         N/A       100%        7
 Necromutation            Tmut/Necr      0%         N/A       100%        8
 Polar Vortex             Ice            0%         N/A       100%        9


Dungeon Overview and Level Annotations

Branches:
Dungeon (15/15)            Temple (1/1) D:4            Lair (5/5) D:9
 Shoals (0/4) Lair:3        Snake (4/4) Lair:3        Slime (0/5) Lair:4
    Orc (2/2) D:9             Elf (0/3) Orc:2        Vaults (1/5) D:14
 Depths (0/4) D:15          Sewer (visited)          Bailey (visited)
Gauntlet (visited)

Altars:
Ashenzari
Cheibriados
Dithmenos
Elyvilon
Fedhas
Gozag
Hepliaklqana
Kikubaaqudgha
Makhleb
Nemelex Xobeh
Okawaru
Qazlal
Ru
Sif Muna
Trog
Uskayaw
Vehumet
Wu Jian
Xom
Yredelemnul
Zin
The Shining One
Jiyva

Shops:
D:3 *((*[   D:14 [   Orc:2 (*[*   Snake:1 ?!*

Annotations:
D:14 1 runed translucent door, Pooter's ghost, journeyman MiBe


Innate Abilities, Weirdness & Mutations

Your life essence is reduced to manifest your ancestor. (-10% HP)
You have a pair of horns on your head.
You reflexively headbutt those who attack you in melee.


Message History

The vault warden is engulfed in poison gas.
The vault warden looks even sicker.
The vault warden hits you with a +0 long sword!!
* * * LOW HITPOINT WARNING * * *
Kendra hits the centaur warrior with a +0 broad axe of flaming.
Kendra burns the centaur warrior.
As you read the scroll of teleportation, it crumbles to dust.
You feel strangely unstable.
The grasping roots constrict the centaur warrior.
The grasping roots constrict the ironbound thunderhulk.
The grasping roots constrict the vault guard!
The roots release their grip on the centaur warrior.
The roots release their grip on the vault guard.
The ironbound thunderhulk is engulfed in poison gas.
The ironbound thunderhulk looks even sicker.
The ironbound thunderhulk escapes!
The vault guard is engulfed in poison gas.
The vault guard is poisoned.
The vault warden is engulfed in poison gas.
The vault warden looks even sicker.
The vault warden hits you with a +0 long sword!!
* * * LOW HITPOINT WARNING * * *
Kendra hits the centaur warrior with a +0 broad axe of flaming!
Kendra burns the centaur warrior.
Kendra barely misses the vault guard.
You feel much better.
The vault guard is engulfed in poison gas.
The vault guard looks even sicker.
The vault warden is engulfed in poison gas.
The vault warden looks as sick as possible!
The vault warden hits you with a +0 long sword!!
* * * LOW HITPOINT WARNING * * *
Kendra hits the centaur warrior with a +0 broad axe of flaming!!
Kendra burns the centaur warrior.
Kendra barely misses the vault guard.
You feel better.
The vault guard is engulfed in poison gas.
The vault guard looks even sicker.
The vault warden is engulfed in poison gas.
The vault warden looks as sick as possible!
The vault warden hits you with a +0 long sword!!
You die...

####§§+ §§§#§§+ )§§#§§
####R§§§ #..#§c' #..#p§#
#..+p§# #.....# #..+@☼#
#.....# #..#§§§☼# #.....#
#..#§§§§# #.....+ #..######
#..)..# #....# #.....#
#....# #.....#
##########'###########.....#
...........................#
......).......[............#


You could see the friendly Kendra the knight, a vault warden (extremely
poisoned), a vault guard (very poisoned) and a centaur warrior (ally target).

Vanquished Creatures
  Saint Roka (Snake:2)
  Jorgrun (Orc:2)
  A sphinx (Vaults:1)
  A nagaraja (Snake:4)
  Aizul (Snake:2)
  4 very ugly things (Vaults:1)
  6 dire elephants
  The ghost of billz999 the Skirmisher, a journeyman GnHu of Kikubaaqudgha (Lair:3)
  A minotaur (Gauntlet)
  2 ettins (Orc:2)
  4 vault guards (D:14)
  6 hydras
  A catoblepas (Lair:5)
  9 anacondas
  A centaur warrior (D:13)
  3 boulder beetles
  5 two-headed ogres
  A tengu warrior (D:9)
  9 death yaks
  A deep troll shaman (Lair:5)
  10 naga warriors
  6 naga sharpshooters
  4 orc high priests (Orc:2)
  Sonja (D:13)
  8 shock serpents
  A sixfirhy (Gauntlet)
  A deep elf knight (D:14)
  5 skeletal warriors (D:15)
  7 sea snakes
  6 naga ritualists
  An orc knight (Bailey)
  4 deep elf pyromancers
  3 ironbound convokers (Vaults:1)
  2 wizards
  2 wolf spiders (D:15)
  4 oklob plants
  3 orc sorcerers
  2 manticores (D:11)
  13 ugly things
  2 moths of wrath
  3 mana vipers
  3 salamanders (Snake:4)
  18 elephants
  3 cyclopes
  2 centaur zombies (D:15)
  35 black mambas
  A torpor snail (Lair:2)
  A torpor snail (shapeshifter) (Gauntlet)
  5 guardian serpents
  2 molten gargoyles (Lair:3)
  A gargoyle (D:12)
  13 cane toads
  A vault sentinel (Vaults:1)
  14 naga magi
  A cane toad (shapeshifter) (D:15)
  A kobold demonologist (D:10)
  A redback zombie (D:15)
  5 yaktaurs
  A freezing wraith (D:14)
  An efreet (D:14)
  8 komodo dragons
  2 rime drakes (Lair:5)
  3 polar bears
  7 trolls
  A meliai zombie (D:15)
  13 slime creatures
  A hornet (D:9)
  7 dream sheep
  3 blink frogs (Lair:3)
  A snapping turtle (Lair:3)
  2 vampires (D:15)
  2 shadows
  16 yaks
  2 wraiths
  2 wyverns
  2 steam dragons
  3 vampire mosquitoes
  3 basilisks
  An acid dragon (D:13)
  24 nagas
  A warg (Orc:1)
  14 water moccasins
  31 orc warriors
  7 ogres
  4 boggarts (Vaults:1)
  8 wolves
  2 phantoms (D:6)
  9 centaurs
  A lemure (D:9)
  10 bullfrogs
  A scorpion (D:5)
  4 wights (D:6)
  12 killer bees
  4 howler monkeys (D:9)
  9 electric eels
  5 lava snakes (Lair:3)
  A jelly (D:5)
  22 orc priests
  A gnoll bouda (D:9)
  2 hounds
  28 orc wizards
  Natasha (thrice) (D:4)
  A hell rat (Lair:2)
  2 gnolls (D:4)
  11 adders
  6 river rats
  2 white imps
  4 ufetubi
  7 worms
  3 dart slugs
  71 orcs
  10 bats
  5 endoplasms
  5 giant cockroaches
  11 goblins
  3 hobgoblins (D:1)
  14 jackals
  7 quokkas
  11 ball pythons
  9 frilled lizards
  11 kobolds
  6 rats
737 creatures vanquished.

Vanquished Creatures (collateral kills)
  2 nagarajas (Snake:4)
  A vault warden (Vaults:1)
  A dire elephant (Lair:5)
  A yaktaur captain (Vaults:1)
  A vault guard (D:14)
  3 hydras
  2 ogre magi
  An ironbound frostheart (Vaults:1)
  An anaconda (Snake:3)
  A death knight (D:13)
  2 boulder beetles (D:15)
  2 death yaks (Lair:5)
  4 naga sharpshooters
  2 shock serpents
  A skeletal warrior (D:15)
  2 naga ritualists
  A sea snake (Snake:4)
  Pikel (D:9)
  2 oklob plants (Lair:4)
  3 salamanders
  2 orc knights
  2 ugly things
  3 mana vipers
  10 elephants
  3 guardian serpents (Snake:4)
  A moth of wrath (Lair:3)
  5 naga magi
  5 black mambas
  6 cane toads
  2 rime drakes
  A kobold demonologist (D:12)
  3 komodo dragons
  A troll (D:14)
  A polar bear (Lair:2)
  5 dream sheep (Lair:5)
  A raiju (Gauntlet)
  A blink frog (Lair:3)
  7 slime creatures
  3 wyverns
  Sigmund (D:5)
  A human (D:14)
  5 yaks
  A vampire (D:15)
  A wraith (D:10)
  3 basilisks
  The ghost of jfcaron the Chopper, an amateur HORe of Hepliaklqana (D:4)
  2 steam dragons (Gauntlet)
  2 vampire mosquitoes
  10 nagas
  4 water moccasins
  A black bear (D:6)
  4 wolves
  A centaur (D:9)
  An ogre (D:6)
  2 lemures (D:9)
  8 bullfrogs
  A kobold brigand (D:10)
  4 wights (D:6)
  4 killer bees
  2 electric eels
  A howler monkey (D:7)
  Crazy Yiuf (D:7)
  A jelly (D:7)
  5 orc priests
  A hound (D:6)
  2 hell rats (Lair:2)
  2 orc wizards
  An adder (Sewer)
  2 gnolls (D:4)
  4 river rats (Lair:2)
  2 ufetubi (Gauntlet)
  2 worms (Sewer)
  16 orcs
  A ball python (Sewer)
  An endoplasm (D:4)
  2 goblins (D:7)
  A kobold (D:10)
  A quokka (Sewer)
  2 rats (Lair:2)
203 creatures vanquished.

Vanquished Creatures (others)
  20 knights
  An ancestor (D:4)
  29 fungi
  85 plants
  2 withered plants (D:4)
137 creatures vanquished.

Grand Total: 1077 creatures vanquished

Notes
Turn   | Place    | Note
-------+----------+-------------------------------------------
     0 | D:1      | Lobster4 the Minotaur Hunter began the quest for the Orb.
     0 | D:1      | Reached XP level 1. HP: 18/18 MP: 0/0
    38 | D:1      | Reached skill level 1 in Stealth
    39 | D:1      | Reached XP level 2. HP: 24/25 MP: 1/1
   153 | D:1      | Reached skill level 1 in Armour
   292 | D:1      | Reached XP level 3. HP: 30/30 MP: 2/2
  1021 | D:2      | Reached skill level 5 in Ranged Weapons
  1260 | D:3      | Reached skill level 1 in Staves
  1279 | D:3      | Reached XP level 4. HP: 37/37 MP: 3/3
  1338 | D:3      | Found Wiogyi Maum's Armour Shop.
  1480 | D:3      | Found Tosmaink's Assorted Antiques.
  1618 | D:3      | Noticed a bullfrog
  1622 | D:3      | Killed a bullfrog
  1623 | D:3      | Reached skill level 1 in Poison Magic
  1623 | D:3      | Reached skill level 1 in Evocations
  1623 | D:3      | Reached XP level 5. HP: 32/45 MP: 4/4
  1700 | D:3      | Found Iduzxyl's Assorted Antiques.
  1757 | D:3      | Found Ohuqobbe's Antique Weapon Boutique.
  1766 | D:3      | Bought a glowing shortbow for 150 gold pieces
  1847 | D:3      | Found Aruhauz's Antique Weapon Boutique.
  2027 | D:4      | Noticed an ogre
  2206 | D:4      | Found a staircase to the Ecumenical Temple.
  2246 | Temple   | Entered the Ecumenical Temple
  2404 | Temple   | Became a worshipper of Hepliaklqana the Forgotten
  2451 | D:4      | You fall into a shaft and drop 2 floors!
  2532 | D:6      | Reached skill level 1 in Short Blades
  2532 | D:6      | Reached skill level 6 in Ranged Weapons
  2532 | D:6      | Reached XP level 6. HP: 22/52 MP: 5/5
  2559 | D:6      | Identified the +5 scale mail of Music {MP+9}
  2667 | D:6      | Found a radiant altar of Vehumet.
  2755 | D:5      | Entered Level 5 of the Dungeon
  2755 | D:5      | Noticed Sigmund
  2842 | D:6      | Noticed a steam dragon
  2977 | D:5      | Reached XP level 7. HP: 45/59 MP: 6/6
  3052 | D:5      | Found a glowing silver altar of Zin.
  3128 | D:5      | Reached * piety under Hepliaklqana
  3146 | D:5      | Found a blossoming altar of Fedhas.
  3146 | D:5      | Found a shimmering altar of Xom.
  3151 | D:5      | Found a glowing drain.
  3167 | Sewer    | Entered a sewer
  3714 | D:5      | Killed Sigmund
  3715 | D:5      | Reached skill level 7 in Ranged Weapons
  3739 | D:4      | Found a runed translucent door.
  3742 | D:4      | Noticed jfcaron's ghost (amateur HORe)
  3749 | D:4      | Noticed Natasha
  3755 | D:4      | Killed Natasha
  3791 | D:4      | Found a white marble altar of Elyvilon.
  3807 | D:4      | Reached skill level 5 in Fighting
  4180 | D:4      | Reached XP level 8. HP: 61/61 MP: 7/7
  4365 | D:5      | Reached ** piety under Hepliaklqana
  4366 | D:5      | Remembered your ancestor Kendra as a knight
  5034 | D:6      | Reached skill level 8 in Ranged Weapons
  5095 | D:6      | Reached skill level 1 in Throwing
  5095 | D:6      | Reached skill level 1 in Invocations
  5153 | D:6      | Reached skill level 5 in Armour
  5184 | D:6      | Reached skill level 1 in Spellcasting
  5291 | D:6      | Reached skill level 9 in Ranged Weapons
  5291 | D:6      | Reached XP level 9. HP: 67/67 MP: 10/10
  5576 | D:7      | Reached skill level 1 in Long Blades
  5613 | D:7      | Found a runed translucent door.
  5614 | D:7      | Noticed Crazy Yiuf
  5619 | D:7      | Killed Crazy Yiuf
  5920 | D:7      | Reached *** piety under Hepliaklqana
  5923 | D:7      | Found a flagged portal.
  5940 | Bailey   | Entered a bailey
  6062 | Bailey   | Noticed an orc knight
  6063 | Bailey   | Noticed an orc knight
  6081 | Bailey   | Killed an orc knight
  6082 | Bailey   | Reached skill level 10 in Ranged Weapons
  6111 | Bailey   | Killed an orc knight
  6112 | Bailey   | Reached skill level 11 in Ranged Weapons
  6180 | Bailey   | Reached XP level 10. HP: 79/79 MP: 12/12
  6244 | Bailey   | Reached skill level 13 in Ranged Weapons
  6244 | Bailey   | Reached XP level 11. HP: 89/89 MP: 13/13
  6656 | D:4      | Noticed Natasha
  6660 | D:4      | Killed Natasha
  6699 | D:4      | Killed jfcaron's ghost
  6779 | D:4      | Noticed Natasha
  6781 | D:4      | Killed Natasha
  6825 | D:3      | Bought a transparent arbalest for 171 gold pieces
  6825 | D:3      | Identified the +4 arbalest of the Known World {freeze,
                  | SInv} (You bought it in a shop on level 3 of the Dungeon)
  7183 | D:8      | Reached skill level 10 in Fighting
  7586 | D:9      | Reached **** piety under Hepliaklqana
  7734 | D:3      | Bought a faintly glowing dagger for 126 gold pieces
  7734 | D:3      | Identified the +4 dagger of Causality {vorpal, rN+} (You
                  | bought it in a shop on level 3 of the Dungeon)
  7868 | D:9      | Found a staircase to the Orcish Mines.
  7920 | D:9      | Found a staircase to the Lair.
  7969 | D:9      | Noticed a tengu warrior
  8385 | D:9      | Noticed Pikel
  8400 | D:9      | Killed Pikel
  8436 | D:9      | Reached skill level 14 in Ranged Weapons
  8658 | Lair:1   | Entered Level 1 of the Lair of Beasts
  9298 | Lair:1   | Reached ***** piety under Hepliaklqana
  9681 | Lair:2   | Reached XP level 12. HP: 99/99 MP: 14/14
  9755 | Lair:2   | Noticed a death yak
  9758 | Lair:2   | Reached skill level 5 in Dodging
  9765 | Lair:2   | Killed a death yak
  9766 | Lair:2   | Reached skill level 10 in Armour
  9800 | Lair:2   | Noticed a six-headed hydra
  9809 | Lair:2   | Killed a six-headed hydra
  9810 | Lair:2   | Reached skill level 15 in Ranged Weapons
 10154 | Lair:2   | Identified the +6 quarterstaff of Efrib {vorpal, rElec}
 10216 | Lair:2   | Reached skill level 5 in Invocations
 10592 | Lair:3   | Found a staircase to the Snake Pit.
 10696 | Lair:3   | Found a transporter.
 10706 | Lair:3   | Noticed billz999's ghost (journeyman GnHu)
 10790 | Lair:3   | Found a transporter.
 10798 | Lair:3   | Noticed an anaconda
 10964 | Lair:3   | Noticed a seven-headed hydra
 10970 | Lair:3   | Killed a seven-headed hydra
 11030 | Lair:3   | Reached skill level 16 in Ranged Weapons
 11046 | Lair:3   | Reached XP level 13. HP: 106/106 MP: 16/16
 11193 | Lair:3   | Found a staircase to the Shoals.
 11331 | Lair:3   | Identified the +1 chain mail of Ennui {Rampage rCorr}
 12071 | Lair:4   | Found a viscous altar of Jiyva.
 12660 | Lair:4   | Found a staircase to the Slime Pits.
 12792 | Lair:5   | Entered Level 5 of the Lair of Beasts
 12973 | Lair:5   | Reached skill level 17 in Ranged Weapons
 13127 | Lair:5   | Noticed a dire elephant
 13288 | Lair:5   | Killed a dire elephant
 13429 | Lair:5   | Reached XP level 14. HP: 116/116 MP: 18/18
 14221 | Lair:5   | Reached ****** piety under Hepliaklqana
 14489 | Lair:5   | Reached skill level 18 in Ranged Weapons
 14933 | Orc:1    | Entered Level 1 of the Orcish Mines
 15106 | Orc:1    | Found a shimmering altar of Xom.
 15582 | Orc:2    | Entered Level 2 of the Orcish Mines
 15836 | Orc:2    | Found Ypoek's Weapon Shoppe.
 15836 | Orc:2    | Found Vuut's General Store.
 15836 | Orc:2    | Found Awnyho's Assorted Antiques.
 16262 | Orc:2    | Noticed Jorgrun
 16273 | Orc:2    | Killed Jorgrun
 16381 | Orc:2    | Found Xionekof's Armour Emporium.
 16416 | Orc:2    | Found a staircase to the Elven Halls.
 16435 | Orc:2    | Bought a +1 pair of gloves of dexterity for 214 gold pieces
 16995 | D:9      | Learned a level 3 spell: Inner Flame
 17008 | D:10     | Entered Level 10 of the Dungeon
 17247 | D:10     | Learned a level 3 spell: Teleport Other
 17774 | D:11     | Identified a scroll of acquirement
 17775 | D:11     | Acquired the ring "Tasa" {rF+ EV+4}
 17898 | D:11     | Reached skill level 1 in Fire Magic
 17898 | D:11     | Reached XP level 15. HP: 125/125 MP: 20/20
 17907 | D:11     | Reached skill level 1 in Hexes
 17918 | D:11     | Got the Papyrus of the Mausoleum and Translocation
 17960 | D:11     | Reached skill level 1 in Translocations
 18142 | D:11     | Identified the +0 robe of Zin's Hope {rPois rN+ Int+4}
 18807 | Lair:3   | Killed billz999's ghost
 18809 | Lair:3   | Identified the +2 helmet of the Final Demons {rF+ rN+++
                  | Will- Dex+4}
 19584 | D:13     | Reached skill level 15 in Fighting
 19636 | D:13     | Noticed Sonja
 19644 | D:13     | Killed Sonja
 20513 | D:14     | Found a gate leading to a gauntlet.
 20524 | Gauntlet | Entered a Gauntlet
 20524 | Gauntlet | Found a transporter.
 20524 | Gauntlet | Found a transporter.
 20528 | Gauntlet | Found a transporter.
 20528 | Gauntlet | Found a transporter.
 20540 | Gauntlet | Found a transporter.
 20553 | Gauntlet | Found a transporter.
 20560 | Gauntlet | Found a transporter.
 20578 | Gauntlet | Found a transporter.
 20586 | Gauntlet | Found a transporter.
 20603 | Gauntlet | Found a transporter.
 20647 | Gauntlet | Found a transporter.
 20655 | Gauntlet | Found a transporter.
 20794 | Gauntlet | Identified the -1 cloak "Hatewn" {rElec Slay-6 SInv}
 20942 | D:14     | Found a runed translucent door.
 20942 | D:14     | Found a shimmering altar of Xom.
 20942 | D:14     | Noticed Pooter's ghost (journeyman MiBe)
 21021 | D:14     | Reached skill level 19 in Ranged Weapons
 21474 | D:14     | Found Otzamm's Antique Armour Emporium.
 21481 | D:14     | Bought a pair of fine gloves for 370 gold pieces
 21481 | D:14     | Identified the +3 pair of gloves of Wrong Decisions {rF+}
                  | (You bought it in a shop on level 14 of the Dungeon)
 21572 | D:14     | Found a gate to the Vaults.
 21693 | D:15     | Entered Level 15 of the Dungeon
 21831 | D:15     | Found a staircase to the Depths.
 21865 | D:15     | Reached XP level 16. HP: 134/134 MP: 21/21
 22177 | D:15     | Reached skill level 15 in Armour
 22563 | Snake:1  | Entered Level 1 of the Snake Pit
 22832 | Snake:1  | Found Hogeta's Magic Scroll Emporium.
 22834 | Snake:1  | Found Sorrucw's Distillery.
 22836 | Snake:1  | Found Muiro's Assorted Antiques.
 22846 | Snake:1  | Bought a potion of heal wounds for 90 gold pieces
 23146 | Snake:1  | Identified the +1 kite shield of Gukapsise {rN+ Str+2}
 23424 | Snake:2  | Noticed Saint Roka
 23434 | Snake:2  | Killed Saint Roka
 23435 | Snake:2  | Reached skill level 1 in Shields
 23450 | Snake:2  | Noticed Aizul
 23463 | Snake:2  | Killed Aizul
 23594 | Snake:2  | Found a shadowy altar of Dithmenos.
 23634 | Snake:2  | Reached skill level 10 in Dodging
 25706 | Snake:4  | Entered Level 4 of the Snake Pit
 25860 | Snake:4  | Reached XP level 17. HP: 143/144 MP: 22/22
 25960 | Snake:4  | Reached skill level 5 in Fire Magic
 26027 | Snake:4  | Reached skill level 20 in Ranged Weapons
 26462 | Snake:4  | Reached skill level 5 in Hexes
 26474 | Snake:4  | Reached skill level 5 in Shields
 28138 | Snake:4  | Got a serpentine rune of Zot
 28501 | Vaults:1 | Entered Level 1 of the Vaults
 28539 | Vaults:1 | Paralysed by a sphinx for 2 turns
 28851 | Vaults:1 | HP: 6/146 [vault warden/+0 long sword (21)]
 28852 | Vaults:1 | HP: 1/146 [vault warden/+0 long sword (29)]
 28853 | Vaults:1 | Mangled by a vault warden

Illustrated notes

Levels and vault maps discovered:
D:1:      saegor_arrival_under_anarchy, layout_loops_ring
D:2:      layout_basic, dk_vineyard_3
D:3:      layout_loops_ring, serial_shops, shop,
          nicolae_shop_overgrown_old_shop, nicolae_shop_stone, shop,
          nicolae_shop_overgrown_old_shop
D:4:      layout_loops_cross, elyvilon_altar_5,
          minmay_temple_entry_enclosed_plants, gammafunk_ghost_grave,
          hangedman_minor_gate_pass, uniq_natasha
D:5:      layout_loops_corners, lemuel_round_altar,
          mainiacjoe_overflow_divided_tiny, portal_sewer_entry_f, uniq_sigmund
D:6:      kennysheep_spiral_hall, layout_basic, nicolae_vehumet_altar_sigil
D:7:      layout_basic, enter_bailey_3, minmay_manual_mares,
          uniq_crazy_yiuf_cottage
D:8:      layout_loops_ring
D:9:      minmay_angry_zag, layout_basic, david_lair_generic, orc_0_dummy,
          amcnicky_mini_pool_small, abandoned_shop, uniq_pikel
D:10:     layout_roguey, serial_park_tiny_pond, nrook_mini_vaults
D:11:     minmay_bloctagon_deflated, layout_cave_pods
D:12:     layout_long_grid, chequers_garden, minmay_holes,
          kennysheep_generic_room_2
D:13:     layout_gridville, uniq_sonja
D:14:     layout_irregular_city, grunt_vaults_entry_fortified,
          gauntlet_entry_generic, serial_shops, kennysheep_little_box,
          ebering_ghost_xom
D:15:     hangedman_depths_entry_try_elsewhere_first, layout_gridville,
          roderic_lattice_octagonal_star, serial_undead, serial_undead_b,
          serial_undead_c, serial_undead_a, serial_undead_b, serial_undead_e,
          serial_undead_c, serial_undead_c
Temple:   bh_familiar_temple
Lair:1:   layout_long_grid, minivault_19, minmay_stone_trees_small, st_stairs_8
Lair:2:   nzn_winding_woodlands_medium [nzn_winding_woodlands_5x5_closed_star,
          nzn_winding_woodlands_5x15_zeroes, nzn_winding_woodlands_5x5_cross,
          nzn_winding_woodlands_5x5_open_star,
          nzn_winding_woodlands_center_diamonds,
          nzn_winding_woodlands_5x5_three,
          nzn_winding_woodlands_5x5_checkerboard,
          nzn_winding_woodlands_5x15_sidewinder,
          nzn_winding_woodlands_5x5_default], layout_big_grid,
          kennysheep_abandoned_house, lemuel_fruit_tree
Lair:3:   cheibrodos_magma_flow, layout_regular_city, minmay_shoals_entry_hut,
          guppyfry_snake_entry_garden, gammafunk_ghost_berserking_beasts,
          nzn_random_ring
Lair:4:   layout_gridlike, minmay_slime_entry_oklob_enclosed,
          serial_bayou_shore_a
Lair:5:   grunt_lair_end_beastmaster, layout_regular_city, serial_bayou_lagoon_b
Snake:1:  layout_rooms, serial_bayou_lake_a, minmay_shop_star
Snake:2:  layout_layer_cave, basic_altar, grunt_megastairs_4, uniq_aizul,
          uniq_saint_roka
Snake:3:  layout_chambers, abandoned_shop
Snake:4:  grunt_snake_rune_pools, layout_rooms, serial_corexii_hall,
          corexii_hall_statues_x, chequers_hall_statues_corner_a
Orc:1:    layout_caves, basic_altar, minmay_orc_temple_b
Orc:2:    st_orc_mages, layout_diamond_mine, uniq_jorgrun
Vaults:1: portal_desolation_entry_garden, nicolae_vaults_network_quinsquares
          [nicolae_vaults_network_quincunx_subvault,
          nicolae_vaults_network_quincunx_subvault,
          nicolae_vaults_network_quincunx_subvault,
          nicolae_vaults_network_quincunx_subvault],
          nicolae_vaults_little_squares_4, nicolae_vaults_puzzle_piece,
          st_smaller_cells, nicolae_vaults_triangles, hangedman_vaults_maws,
          hangedman_vaults_stagger, v_alt_pattern_6,
          nicolae_vaults_little_squares_5, vaults_dpeg_spiral,
          nicolae_vaults_shelves_hall, layout_vaults_ring

Skill      XL: |  1  2  3  4  5  6  7  8  9 10 11 12 13 14 15 16 17 |
---------------+----------------------------------------------------+-----
Stealth        | 1 |  1.0
Armour         | 1 2 3 4 5 6 8 9 11 12 13 14 15 | 15.0
Ranged Weapons | 5 6 7 9 11 13 14 16 17 18 19 20 | 20.7
Staves         | 1 2 |  2.9
Fighting       | 3 4 5 6 8 9 11 12 13 14 15 16 17 | 17.9
Dodging        | 3 4 5 7 8 10 | 10.0
Poison Magic   | 1 |  1.0
Evocations     | 1 2 3 |  3.0
Short Blades   | 1 |  1.0
Throwing       | 1 |  1.0
Invocations    | 2 3 5 7 8 |  8.0
Spellcasting   | 1 2 |  2.0
Long Blades    | 2 6 |  6.9
Fire Magic     | 1 3 4 5 |  5.6
Hexes          | 3 4 5 |  5.5
Translocations | 3 |  3.0
Shields        | 3 6 |  6.5
Maces & Flails | |  0.6

Action                   |  1- 3 |  4- 6 |  7- 9 | 10-12 | 13-15 | 16-18 || total
-------------------------+-------+-------+-------+-------+-------+-------++-------
Melee: Quarterstaff      |       |     6 |       |       |       |     2 ||     8
       Headbutt          |       |     1 |       |       |       |       ||     1
       Shortbow          |       |       |     1 |       |       |       ||     1
 Fire: Shortbow          |   114 |   102 |   258 |   470 |   540 |       ||  1484
       Arbalest          |       |       |       |       |   561 |   620 ||  1181
 Cast: Inner Flame       |       |       |       |       |       |     3 ||     3
Invok: Recall Ancestor   |       |       |     1 |       |     3 |     4 ||     8
       Ancestor Life: Kn |       |       |     1 |       |       |       ||     1
Evoke: Wand              |       |       |     2 |       |       |     2 ||     4
  Use: Scroll            |       |     6 |     9 |     6 |    19 |    15 ||    55
       Potion            |       |     2 |     3 |     1 |     4 |    11 ||    21
 Stab: Invisible         |       |     2 |       |       |       |       ||     2
Armor: Leather armour    |     5 |       |       |       |       |       ||     5
       Robe              |     6 |    11 |    11 |       |     2 |    25 ||    55
       Scale mail        |       |       |    21 |    57 |   112 |       ||   190
       Chain mail        |       |       |       |       |     2 |       ||     2
       Ring mail         |       |       |       |       |    44 |     6 ||    50
Dodge: Dodged            |    38 |    52 |    49 |    50 |   296 |   196 ||   681

Table legend: (Time is in decaauts)
 A = Elapsed time spent in this place.
 B = Non-inter-level travel time spent in this place.
 C = Inter-level travel time spent in this place.
 D = Time resting spent in this place.
 E = Time spent auto-exploring this place.
 F = Levels seen in this place.
 G = Mean time per level.
                   A        B        C        D        E       F      G
               +--------+--------+--------+--------+--------+-----+--------+
         Total |  29159 |  25883 |   3276 |   3003 |  16435 |  31 |  940.6 |
       Dungeon |  12647 |  11162 |   1485 |    476 |   8168 |  15 |  843.1 |
        Temple |    186 |    159 |     27 |      0 |    149 |   1 |  186.0 |
          Lair |   7005 |   6098 |    907 |    800 |   3748 |   5 | 1401.0 |
     Snake Pit |   5548 |   4903 |    645 |   1148 |   2697 |   4 | 1387.0 |
  Orcish Mines |   2052 |   1841 |    211 |    454 |    825 |   2 | 1026.0 |
        Vaults |    346 |    346 |      0 |     55 |     66 |   1 |  346.0 |
         Sewer |    675 |    675 |      0 |      0 |    540 |   1 |  675.0 |
        Bailey |    320 |    320 |      0 |     69 |     83 |   1 |  320.0 |
      Gauntlet |    376 |    376 |      0 |      0 |    159 |   1 |  376.0 |
               +--------+--------+--------+--------+--------+-----+--------+

Top non-repeatable levels by time:
 Snake:3: 2124 daAuts
  Lair:3: 1860 daAuts
  Lair:5: 1641 daAuts
 Snake:4: 1566 daAuts
  Lair:4: 1513 daAuts
   Orc:2: 1280 daAuts
 Snake:2: 1206 daAuts
     D:4: 1100 daAuts
     D:6: 1044 daAuts
  Lair:1: 1023 daAuts
     D:9: 1005 daAuts
     D:5: 1004 daAuts
    D:14: 986 daAuts
  Lair:2: 967 daAuts
    D:13: 941 daAuts
